 Dungeon Crawl Stone Soup version 0.31-a0-1074-g0b22e4e0f1 (webtiles) character file.

Game seed: 16779497886845633961

67463 jasper the Fighter (level 14, -13/154 HPs)
             Began as a Troll Berserker on Dec 8, 2023.
             Was the Champion of Trog.
             Mangled by a cyclops (44 damage)
             ... on level 1 of the Orcish Mines on Dec 9, 2023.
             The game lasted 00:35:57 (16175 turns).

jasper the Fighter (Troll Berserker)               Turns: 16175, Time: 00:35:57

Health: -13/154    AC: 16    Str: 28    XL:     14   Next: 83%
Magic:  13/13      EV: 10    Int:  3    God:    Trog [******]
Gold:   1557       SH:  7    Dex: 13    Spells: 13/13 levels left

rFire   + + .        s - +10 lance "Wyrmbane" {slay drac, rPois rF+ rC+ AC+3}
rCold   + + .        e - +0 kite shield
rNeg    . . .        b - +0 fire dragon scales
rPois   +            (helmet restricted)
rElec   .            Y - +1 cloak
rCorr   .            (gloves unavailable)
SInv    .            (boots unavailable)
Will    +....        i - amulet of regeneration Stlth
                     T - ring of ice
HPRegen 2.05/turn    D - ring of protection from cold
MPRegen 0.13/turn

%: no passive effects
@: silenced
A: large, unfitting armour, claws 3, regeneration 1, shaggy fur 1, tough skin 1
a: Renounce Religion


You were on level 1 of the Orcish Mines.
You worshipped Trog.
Trog was exalted by your worship.
You visited 3 branches of the dungeon, and saw 20 of its levels.

You collected 1857 gold pieces.
You spent 300 gold pieces at shops.

Inventory:

Hand Weapons
 o - a +3 antimagic dire flail
 s - the +10 lance "Wyrmbane" (weapon) {slay drac, rPois rF+ rC+ AC+3}
   (You found it on level 5 of the Dungeon)

   AC+3:      It affects your AC (+3).
   rF+:       It protects you from fire.
   rC+:       It protects you from cold.
   rPois:     It protects you from poison
Missiles
 c - 56 poisoned darts
 k - 126 stones
 l - 8 darts of dispersal
 t - 10 boomerangs (quivered)
 B - 2 throwing nets
 H - 7 curare-tipped darts
 I - 19 large rocks
Armour
 b - +0 fire dragon scales (worn)
 e - a +0 kite shield (worn)
 K - +0 acid dragon scales
 Y - a +1 cloak (worn)
Jewellery
 i - an amulet of regeneration (around neck)
 q - an amulet of guardian spirit
 u - a ring of see invisible
 D - a ring of protection from cold (right claw)
 F - a ring of fire
 T - a ring of ice (left claw)
 V - a ring of positive energy
 Z - a ring of ice
Talismans
 E - a beast talisman
Wands
 p - a wand of charming (11)
 z - a wand of iceblast (4)
 A - a wand of quicksilver (8)
 J - a wand of flame (16)
 P - a wand of digging (5)
 W - a wand of mindburst (7)
 X - a wand of polymorph (4)
Scrolls
 a - a scroll of poison
 x - 2 scrolls of fog
 y - a scroll of fear
 C - 7 scrolls of teleportation
 G - a scroll of revelation
 L - a scroll of butterflies
 M - a scroll of immolation
 N - 2 scrolls of vulnerability
 S - a scroll of enchant weapon
Potions
 d - a potion of cancellation
 f - 3 potions of might
 g - 15 potions of curing
 h - 4 potions of degeneration
 j - 2 potions of haste
 m - 2 potions of attraction
 n - a potion of ambrosia {unknown}
 r - a potion of invisibility
 v - a potion of heal wounds
 w - a potion of enlightenment
 O - a potion of berserk rage
 Q - a potion of resistance
 U - 2 potions of mutation


   Skills:
 * Level 13.7 Fighting
 - Level 5.6 Maces & Flails
 - Level 12.0 Polearms
 - Level 10.0 Throwing
 + Level 4.6 Armour
 - Level 8.4 Dodging
 + Level 1.0 Shields


You had 13 spell levels left.
You didn't know any spells.
Your spell library was empty.

Dungeon Overview and Level Annotations

Branches:
Dungeon (13/15)            Temple (0/1) D:7            Lair (5/5) D:11
 Shoals (0/4) Lair:3        Snake (0/4) Lair:2        Slime (0/5) Lair:4
    Orc (2/2) D:10            Elf (0/3) Orc:2
 Vaults: D:13-14

Altars:
Ashenzari
Dithmenos
Elyvilon
Gozag
Hepliaklqana
Makhleb
Nemelex Xobeh
Okawaru
Ru
Sif Muna
Trog
Wu Jian
Xom
Jiyva

Shops:
Orc:2 ([!(

Annotations:
Lair:3 2 transporters
Orc:1 1 transporter, 1 runed translucent door


Innate Abilities, Weirdness & Mutations

You are too large for most types of armour.
You have claws for hands.
Your natural rate of healing is unusually fast.
You are covered in fur. (AC +1)
You have tough skin. (AC +1)


Message History

A moth of wrath comes into view.
Found a human skeleton.
The moth of wrath's fur bristles in rage as it notices you.
The cyclops throws a large rock.
The large rock hits you!
You take 5 damage, and have 138/154 hp.
The moth of wrath goads the cyclops on!
The cyclops goes berserk!
You regained 2 hp, and now have 140/154 hp.
The moth of wrath goads the cyclops on!
The cyclops goes berserk!
The silent spectre grins at you slowly.
You regained 2 hp, and now have 142/154 hp.
You puncture the cyclops!
The cyclops is lightly wounded.
The cyclops hits you! The cyclops closely misses you.
You take 8 damage, and have 134/154 hp.
You puncture the cyclops!
The cyclops is moderately wounded.
The cyclops hits you!!
You take 25 damage, and have 109/154 hp.
You barely miss the cyclops.
The cyclops is moderately wounded.
The cyclops hits you!!
You take 20 damage, and have 89/154 hp.
Okay, then.
You puncture the cyclops!
The cyclops is heavily wounded.
The cyclops hits you!! The cyclops hits you!!!
* * * LOW HITPOINT WARNING * * *
You take 62 damage, and have 27/154 hp.
MASSIVE DAMAGE!!
You puncture the cyclops!
The cyclops is severely wounded.
The cyclops hits you but does no damage.
You puncture the cyclops!
The cyclops is severely wounded.
The cyclops closely misses you.
You regained 2 hp, and now have 30/154 hp.
You puncture the cyclops!
The cyclops is almost dead.
The cyclops hits you but does no damage.
The cyclops hits you!!!
You die... #.......... ##.....##.. ########.. #.#. ######### #... ### #eeyee#○#

#... ##.## ############# #...
#...# #y#.........## #...
#..##### # #..C@...)..## #...
...###.##y#§#..C..###...######...
..#.#...#####....$#y#)..#y#......
...........##...$$####''###......
....#......##..(!:###[.†##.......
..........©##..))_+W#.÷©##©......
...........##..)![###...##.......
...........##...$$####++###....#.
.....#..#### ... #y#....#.


You could see a deep elf sorcerer, a deep elf elementalist (repels missiles), 3
moths of wrath, 2 cyclopes, a silent spectre (silencing), a deep elf pyromancer
and a deep elf zephyrmancer.

Vanquished Creatures
  An azure jelly (Lair:4)
  An orc warlord (Orc:2)
  Nessos (Lair:4)
  A stone giant (Orc:1)
  2 fire dragons
  Fannar (Lair:3)
  2 hydras (Lair:2)
  Harold (Orc:1)
  Erica (D:8)
  A catoblepas (Lair:5)
  2 two-headed ogres (D:10)
  A boulder beetle (Lair:3)
  2 orc high priests (Orc:2)
  Sonja (Lair:4)
  6 skysharks
  A swamp dragon (Lair:5)
  3 orc knights
  Pikel (D:7)
  5 orc sorcerers
  2 cyclopes (Orc:1)
  An ugly thing (D:11)
  Maurice (D:8)
  25 elephants
  3 black mambas
  Joseph (D:8)
  9 cane toads
  A kobold demonologist (D:8)
  8 komodo dragons
  4 rime drakes
  Jeremiah (D:6)
  A polar bear (Lair:3)
  7 trolls
  A hornet (Lair:3)
  8 blink frogs
  5 dream sheep (Lair:4)
  2 slime creatures (Lair:4)
  3 wraiths
  49 yaks
  3 steam dragons
  2 vampire mosquitoes (D:12)
  7 basilisks
  2 nagas (Lair:2)
  2 wargs
  7 acid dragons
  12 water moccasins
  35 orc warriors
  10 black bears
  An ice beast (D:5)
  2 sky beasts (D:7)
  8 ogres
  28 wolves
  2 centaurs (D:11)
  3 phantoms
  11 kobold brigands
  A scorpion (D:5)
  12 bullfrogs
  A gnoll sergeant (D:9)
  10 wights
  11 killer bees
  2 electric eels
  4 howler monkeys
  6 jellies
  17 orc priests
  A gnoll bouda (D:7)
  10 iguanas
  2 sleepcaps (D:5)
  21 orc wizards
  7 hell rats
  4 gnolls
  5 adders
  5 white imps
  4 worms
  2 dart slugs
  85 orcs
  4 endoplasms
  2 giant cockroaches
  10 goblins
  11 hobgoblins
  7 jackals (D:5)
  16 kobolds
  3 quokkas
  5 ball pythons
  5 bats
  4 frilled lizards
  A rat (D:1)
  A butterfly (Lair:4)
580 creatures vanquished.

Vanquished Creatures (collateral kills)
  An orc warlord (Orc:1)
  A catoblepas (Lair:5)
  An orc sorcerer (Orc:1)
  A slime creature (Lair:4)
  A warg (Orc:1)
  A water moccasin (Lair:5)
  3 orc warriors (Orc:1)
  A jelly (Lair:4)
  An orc wizard (Orc:1)
  An orc (Orc:1)
12 creatures vanquished.

Vanquished Creatures (others)
  An orc (Orc:1)
1 creature vanquished.

Grand Total: 593 creatures vanquished

Notes
Turn   | Place    | Note
-------+----------+-------------------------------------------
     0 | D:1      | jasper the Troll Berserker began the quest for the Orb.
     0 | D:1      | Reached XP level 1. HP: 22/22 MP: 0/0
    91 | D:1      | Reached XP level 2. HP: 29/29 MP: 1/1
   720 | D:2      | Reached skill level 1 in Throwing
   770 | D:2      | Reached XP level 3. HP: 36/36 MP: 2/2
  1218 | D:2      | Reached ** piety under Trog
  1584 | D:3      | Reached XP level 4. HP: 44/44 MP: 3/3
  1680 | D:3      | Reached skill level 3 in Fighting
  1758 | D:3      | Reached XP level 5. HP: 30/53 MP: 4/4
  1892 | D:3      | Found an opulent altar of Gozag.
  2407 | D:4      | Found a sacrificial altar of Ru.
  2412 | D:4      | Found a broken altar of Ashenzari.
  2583 | D:4      | Noticed a phantom
  2590 | D:4      | Killed a phantom
  2591 | D:4      | Reached XP level 6. HP: 61/61 MP: 5/5
  2862 | D:5      | Entered Level 5 of the Dungeon
  2867 | D:5      | Reached skill level 5 in Maces & Flails
  3111 | D:5      | Noticed an ice beast
  3122 | D:5      | Killed an ice beast
  3123 | D:5      | Reached XP level 7. HP: 68/68 MP: 6/6
  3215 | D:5      | Found the +8 lance "Wyrmbane" {slay drac, rPois rF+ rC+
                  | AC+3}
  3236 | D:5      | Reached skill level 1 in Polearms
  3512 | D:5      | Reached *** piety under Trog
  3513 | D:5      | Reached XP level 8. HP: 71/78 MP: 7/7
  3547 | D:5      | Found a white marble altar of Elyvilon.
  3931 | D:6      | Noticed Jeremiah
  4028 | D:6      | Killed Jeremiah
  4029 | D:6      | Reached skill level 5 in Polearms
  4107 | D:6      | Found an iron altar of Okawaru.
  4131 | D:6      | Found a shimmering blue altar of Sif Muna.
  4419 | D:6      | Found an ornate altar of the Wu Jian Council.
  4619 | D:6      | Found a hazy altar of Hepliaklqana.
  4909 | D:7      | Found a shadowy altar of Dithmenos.
  4938 | D:7      | Found a staircase to the Ecumenical Temple.
  4959 | D:7      | Found a sparkling altar of Nemelex Xobeh.
  4992 | D:7      | Reached XP level 9. HP: 74/84 MP: 8/8
  5113 | D:7      | Noticed Pikel
  5134 | D:7      | Killed Pikel
  5341 | D:7      | Found a shimmering altar of Xom.
  5530 | D:8      | Noticed Maurice
  5535 | D:8      | Something stole a ring of protection from cold
  5536 | D:8      | Something stole 361 gold
  5542 | D:8      | Something stole an orb of mayhem
  5543 | D:8      | Something stole 7 boomerangs
  5548 | D:8      | Something stole a beast talisman
  5549 | D:8      | Killed Maurice
  5549 | D:8      | Noticed Erica
  5566 | D:8      | Reached skill level 10 in Polearms
  5580 | D:8      | Killed Erica
  5581 | D:8      | Reached XP level 10. HP: 92/92 MP: 3/9
  5684 | D:8      | Reached **** piety under Trog
  5885 | D:8      | Reached skill level 4 in Fighting
  6000 | D:8      | Noticed Joseph
  6008 | D:8      | Killed Joseph
  6235 | D:8      | Reached skill level 5 in Fighting
  6325 | D:8      | Found a burning altar of Makhleb.
  6398 | D:9      | Noticed a red ugly thing
  6400 | D:9      | Noticed a death knight
  6414 | D:9      | Reached XP level 11. HP: 102/102 MP: 10/10
  6606 | D:10     | Entered Level 10 of the Dungeon
  6650 | D:10     | Noticed a two-headed ogre
  6656 | D:10     | Noticed a two-headed ogre
  6659 | D:10     | Killed a two-headed ogre
  6663 | D:10     | Reached skill level 6 in Fighting
  6667 | D:10     | Reached ***** piety under Trog
  6676 | D:10     | Killed a two-headed ogre
  6683 | D:10     | Found a staircase to the Orcish Mines.
  6730 | D:10     | Reached skill level 5 in Throwing
  6790 | D:10     | You fall into a shaft and drop 3 floors!
  6881 | D:11     | Noticed a cyan ugly thing
  6890 | D:11     | Killed a cyan ugly thing
  6970 | D:11     | Reached skill level 7 in Fighting
  7067 | D:11     | Found a staircase to the Lair.
  7653 | Lair:1   | Entered Level 1 of the Lair of Beasts
  7657 | Lair:1   | Reached skill level 5 in Dodging
  7890 | Lair:1   | Reached XP level 12. HP: 119/119 MP: 11/11
  7917 | Lair:1   | Reached skill level 8 in Fighting
  8841 | Lair:2   | Reached skill level 9 in Fighting
  8897 | Lair:2   | Found a staircase to the Snake Pit.
  9019 | Lair:2   | Noticed a seven-headed hydra
  9026 | Lair:2   | Identified the +7 short sword of Valuable Assets
                  | {antimagic, *Noise rPois rC+ Stlth+} (Trog gifted it to you
                  | on level 2 of the Lair of Beasts)
  9026 | Lair:2   | Received a gift from Trog
  9040 | Lair:2   | Killed a seven-headed hydra
  9597 | Lair:2   | Reached skill level 10 in Fighting
  9682 | Lair:2   | Noticed a seven-headed hydra
  9689 | Lair:2   | Killed a seven-headed hydra
 10032 | Lair:3   | Noticed a boulder beetle
 10055 | Lair:3   | Killed a boulder beetle
 10056 | Lair:3   | Reached XP level 13. HP: 88/133 MP: 12/12
 10091 | Lair:3   | Found a staircase to the Shoals.
 10095 | Lair:3   | Found a transporter.
 10774 | Lair:3   | Reached skill level 11 in Fighting
 10842 | Lair:3   | Received a gift from Trog
 11093 | Lair:3   | Identified the +6 falchion of Wocwatun {heavy, rC++ SInv}
 11104 | Lair:3   | Found a transporter.
 11235 | Lair:3   | Noticed Fannar
 11251 | Lair:3   | Killed Fannar
 11948 | Lair:4   | Noticed Nessos
 11949 | Lair:4   | Noticed Sonja
 11952 | Lair:4   | Killed Sonja
 11962 | Lair:4   | Killed Nessos
 12354 | Lair:4   | Found a staircase to the Slime Pits.
 12354 | Lair:4   | Found a viscous altar of Jiyva.
 12425 | Lair:4   | Noticed an azure jelly
 12449 | Lair:4   | Killed an azure jelly
 12450 | Lair:4   | Reached skill level 12 in Fighting
 12643 | Lair:4   | Noticed a fire dragon
 12669 | Lair:4   | Killed a fire dragon
 12670 | Lair:4   | Reached XP level 14. HP: 149/149 MP: 13/13
 13092 | Lair:5   | Entered Level 5 of the Lair of Beasts
 13139 | Lair:5   | Reached skill level 1 in Armour
 14160 | Orc:1    | Entered Level 1 of the Orcish Mines
 14228 | Orc:1    | Received a gift from Trog
 14519 | Orc:2    | Entered Level 2 of the Orcish Mines
 14535 | Orc:2    | Reached skill level 10 in Throwing
 14543 | Orc:2    | Found a staircase to the Elven Halls.
 14882 | Orc:2    | Found Lusuxkad's Antique Weapon Shop.
 15186 | Orc:2    | Reached skill level 13 in Fighting
 15211 | Orc:2    | Reached ****** piety under Trog
 15218 | Orc:2    | Noticed an orc warlord
 15243 | Orc:2    | Killed an orc warlord
 15330 | Orc:2    | Received a gift from Trog
 15362 | Orc:2    | Found Ichuwk's Antique Weapon Boutique.
 15368 | Orc:2    | Found Vaih's Antique Armour Shop.
 15431 | Orc:2    | Found Udopi's Distillery.
 15447 | Orc:2    | Bought a potion of heal wounds for 75 gold pieces
 15447 | Orc:2    | Bought a potion of curing for 45 gold pieces
 15447 | Orc:2    | Bought a potion of cancellation for 120 gold pieces
 15447 | Orc:2    | Bought a potion of might for 60 gold pieces
 15708 | Orc:1    | Noticed Harold
 15725 | Orc:1    | Killed Harold
 15742 | Orc:1    | Noticed an orc warlord
 15781 | Orc:1    | Killed an orc warlord
 15838 | Orc:1    | Found a transporter.
 16081 | Orc:1    | Found a transporter.
 16081 | Orc:1    | Found a runed translucent door.
 16081 | Orc:1    | Found a bloodstained altar of Trog.
 16081 | Orc:1    | Found the necklace of Bloodlust {Fury *Rage Will++ Int-3
                  | Slay+6}
 16083 | Orc:1    | Noticed a deep elf sorcerer
 16085 | Orc:1    | Noticed a stone giant
 16114 | Orc:1    | Killed a stone giant
 16156 | Orc:1    | Noticed a deep elf elementalist
 16164 | Orc:1    | Reached skill level 1 in Shields
 16175 | Orc:1    | Mangled by a cyclops

Illustrated notes

Levels and vault maps discovered:
D:1:      nicolae_arrival_memento_mori, layout_basic
D:2:      minmay_recursive_quarters, layout_basic
D:3:      layout_basic, nicolae_gozag_cash_rules_everything_around_me
D:4:      layout_loops_ring, grunt_temple_overflow_open
D:5:      layout_gridville, mainiacjoe_overflow_surrounded_room
D:6:      layout_basic, mainiacjoe_overflow_brackets,
          mainiacjoe_overflow_large_starburst, okawaru_gym_becter,
          chequers_decorated_corner, uniq_jeremiah
D:7:      layout_rooms, xom_confusion_cloud, minmay_temple_entry_arrows,
          hangedman_feature_mirror, uniq_pikel
D:8:      layout_basic, nicolae_overflow_hidden_temple, special_room
          [special_room_kobold], uniq_erica, uniq_maurice, uniq_joseph
D:9:      minmay_skewed_foursquare, layout_basic,
          nicolae_dithmenos_through_a_glass_darkly, marbit_many_paths,
          hellmonk_ghost_big_iron, minmay_mirror_moons_of_madness
D:10:     layout_cross, erik_orc_4
D:11:     layout_irregular_city, due_lair_maze_entry_diamond
D:12:     layout_rooms, corexii_corridor_pit, vehumet_statue
D:13:     minmay_concentric_multi, layout_long_grid
Lair:1:   layout_gridlike, st_stairs_4, serial_bayou_ford_a, lemuel_fruit_tree,
          grunt_megastairs_5
Lair:2:   layout_cave_pods, guppyfry_snake_entry_garden, grunt_megastairs_3
Lair:3:   gammafunk_cloud_chamber, layout_cave_pods, shoals_dummy_entry,
          kennysheep_basilisk_garden, uniq_fannar
Lair:4:   dragon1_lemuel, layout_loops_ring, slime_entry_1, serial_rivers,
          chequers_serial_rivers_micro_c, chequers_serial_rivers_micro_e,
          chequers_serial_rivers_small_3, chequers_serial_rivers_micro_a,
          chequers_serial_rivers_small_3, nicolae_lair_time_for_slime,
          lemuel_fruit_fields, infiniplex_staircase_pool, serial_bayou_shore_b,
          serial_bayou_shore_b, uniq_sonja, uniq_nessos
Lair:5:   guppyfry_lair_end_dragon, layout_misc_corridors
Orc:1:    emtedronai_trogs_sanctum, layout_caves, basic_altar, uniq_harold
Orc:2:    grunt_orc_community_town_hall, layout_diamond_mine,
          grunt_orc_community_big_house_1, grunt_orc_community_big_house_1,
          grunt_orc_community_house_2, grunt_orc_community_house_2,
          grunt_orc_community_house_3, grunt_orc_community_house_2,
          grunt_orc_community_house_3

Skill      XL: |  1  2  3  4  5  6  7  8  9 10 11 12 13 14 |
---------------+-------------------------------------------+-----
Maces & Flails | 3 4 5 |  5.6
Throwing       | 1 2 3 6 7 9 10 | 10.0
Fighting       | 3 5 7 10 12 13 | 13.7
Polearms       | 4 7 10 12 | 12.0
Dodging        | 3 5 6 8 |  8.4
Armour         | 4 |  4.6
Shields        | 1 |  1.0

Action                     |  1- 3 |  4- 6 |  7- 9 | 10-12 | 13-15 || total
---------------------------+-------+-------+-------+-------+-------++-------
  Melee: Mace              |   123 |    52 |       |       |       ||   175
         Flail             |       |    74 |       |       |       ||    74
         Giant club        |       |    23 |    16 |       |       ||    39
         Punch             |       |     1 |       |    20 |    18 ||    39
         Lance             |       |       |   238 |   883 |  1204 ||  2325
  Throw: Stone             |     6 |     1 |     6 |     1 |       ||    14
         Dart              |     2 |       |     3 |       |     3 ||     8
         Boomerang         |       |       |       |       |    78 ||    78
 Invoke: Berserk           |       |     4 |     1 |     4 |     5 ||    14
         Trog's Hand       |       |       |     1 |     1 |     1 ||     3
         Brothers in Arms  |       |       |       |       |     4 ||     4
  Evoke: Wand              |       |       |     1 |     2 |    10 ||    13
    Use: Scroll            |     1 |     4 |    11 |     6 |     1 ||    23
         Potion            |       |       |       |       |     2 ||     2
   Stab: Sleeping          |     1 |       |       |     1 |       ||     2
         Distracted        |       |       |       |       |     1 ||     1
 Armour: Animal skin       |    74 |    70 |    85 |       |       ||   229
         Robe              |       |       |    27 |   162 |       ||   189
         Acid dragon scale |       |       |       |   252 |   218 ||   470
         Fire dragon scale |       |       |       |       |   371 ||   371
  Dodge: Dodged            |   116 |   116 |   103 |   456 |   414 ||  1205
  Block: Kite shield       |       |       |       |       |    15 ||    15

Table legend: (Time is in decaauts)
 A = Elapsed time spent in this place.
 B = Non-inter-level travel time spent in this place.
 C = Inter-level travel time spent in this place.
 D = Time resting spent in this place.
 E = Time spent auto-exploring this place.
 F = Levels seen in this place.
 G = Mean time per level.
                   A        B        C        D        E       F      G
               +--------+--------+--------+--------+--------+-----+--------+
         Total |  15220 |  14599 |    621 |    614 |  10192 |  20 |  761.0 |
       Dungeon |   7611 |   7310 |    301 |    302 |   5001 |  13 |  585.5 |
          Lair |   5872 |   5614 |    258 |    261 |   4095 |   5 | 1174.4 |
  Orcish Mines |   1735 |   1673 |     62 |     49 |   1096 |   2 |  867.5 |
               +--------+--------+--------+--------+--------+-----+--------+

Top non-repeatable levels by time:
  Lair:3: 1575 daAuts
  Lair:2: 1256 daAuts
  Lair:4: 1211 daAuts
     D:5: 1096 daAuts
     D:6: 979 daAuts
   Orc:2: 972 daAuts
  Lair:1: 970 daAuts
  Lair:5: 858 daAuts
     D:2: 844 daAuts
    D:11: 786 daAuts
   Orc:1: 762 daAuts
     D:8: 741 daAuts
     D:1: 731 daAuts
     D:3: 727 daAuts
     D:4: 635 daAuts
